[Event "Titled Tuesday Blitz April 12 Early 2022"]
[White "Mikhalsky, Vladimir"]
[Black "Wagner, Dinara"]
[WhiteFideId "14144352"]
[BlackFideId "24157570"]
[WhiteElo "2301"]
[BlackElo "2216"]
[Result "1-0"]
[Round "09"]
[TimeControl "180+1"]
[Date "2022.04.13"]
[WhiteClock "0:00:28"]
[BlackClock "0:00:31"]

1. e4 c5 2. Nf3 d6 3. Bb5+ Nd7 4. d4 Nf6 5. Nc3 cxd4 6. Nxd4 a6 7. Be2 e6 8. O-O Be7 9. f4 Qc7 10. Be3 b5 11. a3 Bb7 12. Bf3 O-O 13. Qe1 Nc5 14. Bf2 Rac8 15. Kh1 Rfd8 16. g4 d5 17. e5 Nfe4 18. Rd1 Nxf2+ 19. Qxf2 Ne4 20. Nxe4 dxe4 21. Bg2 Bc5 22. c3 Qb6 23. Rfe1 Bxd4 24. Rxd4 Rxd4 25. Qxd4 Qxd4 26. cxd4 Rc2 27. b4 Rc3 28. Bxe4 Bxe4+ 29. Rxe4 Rxa3 30. d5 exd5 31. Rd4 Rb3 32. Rxd5 g6 33. Rd4 Kg7 34. Kg2 h6 35. h4 Rc3 36. f5 gxf5 37. gxf5 Re3 38. Rd5 Re4 39. Kf3 Rxb4 40. Rd7 Kf8 41. f6 Kg8 42. Rd8+ Kh7 43. h5 Rb3+ 44. Ke4 Rh3 45. Rd7 Rxh5 46. Rxf7+ Kg8 47. Ra7 Rh4+ 48. Kf5 Rc4 49. e6 Rc8 50. Kg6 b4 51. Rh7 Rc1 52. f7+ Kf8 53. Rh8+ Ke7 54. f8=Q+ Kxe6 55. Qf5+ 1-0


[Site "https://www.chess.com"]

[Event "Titled Tuesday Blitz April 12 Early 2022"]
[White "Mirzoev, Azer"]
[Black "Indjic, Aleksandar"]
[WhiteFideId "13400304"]
[BlackFideId "911925"]
[WhiteElo "2525"]
[BlackElo "2616"]
[Result "0-1"]
[Round "09"]
[TimeControl "180+1"]
[Date "2022.04.12"]
[WhiteClock "0:00:08"]
[BlackClock "0:00:19"]

1. d4 Nf6 2. c4 e6 3. Nc3 c5 4. e3 cxd4 5. exd4 Bb4 6. Ne2 O-O 7. a3 Be7 8. d5 exd5 9. cxd5 Bc5 10. Ng3 Re8+ 11. Be2 d6 12. O-O h6 13. h3 a6 14. b4 Ba7 15. Bb2 Nbd7 16. Rc1 Ne5 17. Nce4 Nxe4 18. Nxe4 Bxh3 19. gxh3 Qh4 20. Nxd6 Qg3+ 21. Kh1 Qxh3+ 22. Kg1 Qg3+ 23. Kh1 Qh4+ 24. Kg2 Ng6 25. Rc4 Nf4+ 26. Rxf4 Qxf4 27. Nxe8 Qg5+ 28. Bg4 Rxe8 29. f4 Qh4 30. Qf3 Re3 31. d6 Rxf3 32. Kxf3 Bb6 33. d7 h5 34. Bf5 g6 35. Be4 Qh3+ 36. Ke2 Qh2+ 37. Kd3 Qxb2 0-1


[Site "https://www.chess.com"]

[Event "Titled Tuesday Blitz April 12 Early 2022"]
[White "Mohammadian, Mohammad"]
[Black "Clawitter, Craig"]
[WhiteFideId "12566055"]
[BlackFideId "2023105"]
[WhiteElo "1544"]
[BlackElo "2215"]
[Result "0-1"]
[Round "09"]
[TimeControl "180+1"]
[Date "2022.04.13"]
[WhiteClock "0:00:51"]
[BlackClock "0:00:20"]

1. e4 e6 2. d4 d5 3. Nd2 Be7 4. Bd3 c5 5. c3 cxd4 6. cxd4 dxe4 7. Nxe4 Nf6 8. Nf3 Nc6 9. Be3 O-O 10. O-O b6 11. a3 Bb7 12. Nxf6+ Bxf6 13. Be4 Na5 14. Bxb7 Nxb7 15. b4 Qd5 16. Rc1 Rac8 17. Qd2 Nd6 18. h3 Ne4 19. Qd3 h6 20. Rfd1 g5 21. Qa6 Nc3 22. Rd3 Ne2+ 23. Kf1 Nxc1 24. Bxc1 Rxc1+ 25. Ke2 Rc2+ 26. Rd2 Rxd2+ 27. Kxd2 Bxd4 28. Nxd4 Qxd4+ 29. Ke2 Qe5+ 30. Kf1 Qc7 31. g3 Rc8 32. Kg2 Qc6+ 33. Kh2 Rc7 34. Qd3 Qd5 35. Qa6 Rc1 36. f3 Qd2+ 37. Qe2 Qxe2# 0-1


[Site "https://www.chess.com"]

[Event "Titled Tuesday Blitz April 12 Early 2022"]
[White "Moroni, Luca Jr"]
[Black "Svane, Rasmus"]
[WhiteFideId "865834"]
[BlackFideId "4657101"]
[WhiteElo "2573"]
[BlackElo "2645"]
[Result "1-0"]
[Round "09"]
[TimeControl "180+1"]
[Date "2022.04.12"]
[WhiteClock "0:00:54"]
[BlackClock "0:00:02"]

1. d4 d5 2. c4 e6 3. Nc3 a6 4. cxd5 exd5 5. Nf3 Nf6 6. Bg5 Be6 7. e3 Nbd7 8. h3 Bd6 9. Bd3 c6 10. Bf4 Qc7 11. Ne2 O-O 12. O-O Rfe8 13. Rc1 g6 14. a4 a5 15. Qd2 Nh5 16. Bxd6 Qxd6 17. Rb1 Qb4 18. Qxb4 axb4 19. b3 Rec8 20. Rfc1 Ng7 21. Nf4 b6 22. Rb2 c5 23. Rbc2 c4 24. Nxe6 Nxe6 25. bxc4 b3 26. Rc3 Rxa4 27. cxd5 Rxc3 28. Rxc3 Ng7 29. Rxb3 Ne8 30. Bb5 Ra1+ 31. Kh2 Nef6 32. Rc3 Nf8 33. d6 Ne4 34. Rc6 1-0


[Site "https://www.chess.com"]

[Event "Titled Tuesday Blitz April 12 Early 2022"]
[White "Murzin, Volodar"]
[Black "Taspinar, Yanki"]
[WhiteFideId "44155573"]
[BlackFideId "34561188"]
[WhiteElo "2585"]
[BlackElo "1518"]
[Result "1-0"]
[Round "09"]
[TimeControl "180+1"]
[Date "2022.04.12"]
[WhiteClock "0:00:08"]
[BlackClock "0:00:18"]

1. e4 e5 2. Nf3 Nc6 3. Bb5 a6 4. Ba4 Nf6 5. O-O Be7 6. Re1 b5 7. Bb3 d6 8. a4 Bb7 9. d3 O-O 10. Bd2 h6 11. Nc3 b4 12. Nd5 a5 13. Nxe7+ Nxe7 14. c3 c5 15. Bc2 Ng6 16. d4 Rc8 17. d5 Qe7 18. Bd3 Nd7 19. Bb5 Nb6 20. Be3 Nd7 21. Nd2 Ra8 22. Nc4 Ra7 23. cxb4 axb4 24. b3 Ba6 25. Bxa6 Rxa6 26. Qd3 Raa8 27. g3 Kh7 28. Kg2 Nf6 29. h3 Nd7 30. Rg1 Rfd8 31. Rae1 Ndf8 32. Kh1 Qd7 33. Kh2 Ne7 34. f4 exf4 35. gxf4 f5 36. Nb6 fxe4 37. Qxe4+ Qf5 38. Qxe7 Ng6 39. Qe6 Qc2+ 40. Rg2 Qd3 41. Qxg6+ Qxg6 42. Rxg6 Kxg6 43. Nxa8 Rxa8 44. Bd2 Kf5 45. Re6 g5 46. fxg5 hxg5 47. Rxd6 Ke4 48. Rg6 Kxd5 49. Rxg5+ Kd4 50. Rg3 Re8 51. Kg1 Re2 52. Bg5 Re1+ 53. Kf2 Rb1 54. Bf6+ Kd5 55. Rd3+ Ke4 56. Re3+ Kd5 57. Be7 Rh1 58. h4 Rh2+ 59. Kg3 Rh1 60. Kg4 Kd4 61. Rh3 Rg1+ 62. Rg3 Re1 63. Bf6+ Kd5 64. h5 Re4+ 65. Kg5 Re1 66. h6 c4 67. bxc4+ Kxc4 68. h7 Rh1 69. h8=Q Rxh8 70. Bxh8 b3 71. Bb2 Kb4 72. Rg4+ Kc5 73. Kf5 Kb6 74. Rb4+ Ka5 75. Bc3 b2 76. Ke5 b1=Q 77. Rxb1+ Kxa4 78. Kd4 Ka3 79. Kc4 Ka2 80. Ra1# 1-0


[Site "https://www.chess.com"]

[Event "Titled Tuesday Blitz April 12 Early 2022"]
[White "Myshakov, Fyodor"]
[Black "Avazkhonov, Alikhon"]
[WhiteFideId "14111284"]
[BlackFideId "14208504"]
[WhiteElo "2310"]
[BlackElo "1739"]
[Result "0-1"]
[Round "09"]
[TimeControl "180+1"]
[Date "2022.04.13"]
[WhiteClock "0:01:28"]
[BlackClock "0:01:01"]

1. c4 e5 2. Nc3 d6 3. Nf3 f5 4. d3 Nf6 5. g3 Be7 6. Bg2 O-O 7. O-O c6 8. e3 Na6 9. d4 e4 10. Nd2 d5 11. cxd5 cxd5 12. f3 Nc7 13. fxe4 fxe4 14. a3 Bg4 15. Qb3 Qd7 16. Ndxe4 Nxe4 17. Nxe4 Rxf1+ 18. Bxf1 Rf8 19. Bd2 Qf5 20. Bd3 Bh3 21. g4 Qf3 0-1


[Site "https://www.chess.com"]

[Event "Titled Tuesday Blitz April 12 Early 2022"]
[White "Nguyen Hong Nhung"]
[Black "Yang, Kaiqi"]
[WhiteFideId "12412201"]
[BlackFideId "8604398"]
[WhiteElo "1758"]
[BlackElo "2373"]
[Result "1-0"]
[Round "09"]
[TimeControl "180+1"]
[Date "2022.04.13"]
[WhiteClock "0:01:00"]
[BlackClock "0:00:01"]

1. e4 c6 2. d4 d5 3. f3 g6 4. Nc3 Bg7 5. e5 h5 6. Be3 h4 7. Qd2 Bf5 8. Nge2 Nd7 9. Nf4 Nf8 10. O-O-O Ne6 11. Bd3 Bxd3 12. Nxe6 fxe6 13. Qxd3 Kf7 14. g3 h3 15. g4 Nh6 16. f4 Qg8 17. Rhg1 Qh7 18. Rg3 Ng8 19. Rf1 Rf8 20. f5 Ke8 21. fxe6 Rxf1+ 22. Qxf1 Nh6 23. Rxh3 Rf8 24. Qd3 Qg8 25. Bxh6 1-0


[Site "https://www.chess.com"]

[Event "Titled Tuesday Blitz April 12 Early 2022"]
[White "Nogerbek, Kazybek"]
[Black "Nakamura, Hikaru"]
[WhiteFideId "13710427"]
[BlackFideId "2016192"]
[WhiteElo "2466"]
[BlackElo "2850"]
[Result "0-1"]
[Round "09"]
[TimeControl "180+1"]
[Date "2022.04.12"]
[WhiteClock "0:00:04"]
[BlackClock "0:00:09"]

1. c4 e5 2. Nc3 Nf6 3. Nf3 Nc6 4. e4 Bb4 5. d3 d6 6. h3 h6 7. Be2 O-O 8. O-O Ne7 9. Nh4 Ng6 10. Nxg6 fxg6 11. f4 Bc5+ 12. Kh1 c6 13. Qe1 exf4 14. Bxf4 g5 15. Bh2 Bd4 16. Qg3 Be5 17. Qe3 Re8 18. d4 Bxh2 19. Kxh2 c5 20. dxc5 dxc5 21. Qxc5 b6 22. Qc6 Bd7 23. Qd6 Re6 24. Qg3 Qb8 25. Rad1 Qxg3+ 26. Kxg3 Bc6 27. Bg4 Nxg4 28. Kxg4 Bxe4 29. Rfe1 Rae8 30. Kg3 Bc6 31. Rxe6 Rxe6 32. Rd2 Kf7 33. Kf2 Rf6+ 34. Ke3 Ke6 35. Ne2 Ke5 36. Nd4 Be4 37. Nb5 a5 38. Nc3 Bb7 39. b3 h5 40. a3 h4 41. b4 Rf4 42. Re2 g4 43. hxg4 Rxg4 44. Kf2+ Kf5 45. Nd5 Bxd5 46. cxd5 axb4 47. axb4 Rd4 48. Re7 g5 49. Rd7 Rxb4 50. d6 Rd4 51. Rd8 Ke6 52. Rg8 Rd5 53. Rg6+ Kf7 54. Rh6 Kg7 55. Re6 Kf7 56. Rh6 b5 57. Ke3 b4 58. Ke4 Rd1 59. Kf5 Rd5+ 60. Ke4 Rb5 61. Rh7+ Ke8 62. Re7+ Kd8 63. Rc7 b3 64. Rc1 b2 65. Rb1 Kd7 66. Kd4 Kxd6 67. Kc4 Rb8 0-1


[Site "https://www.chess.com"]

[Event "Titled Tuesday Blitz April 12 Early 2022"]
[White "Nozdrachev, Leonid"]
[Black "Stanisz, Patryk"]
[WhiteFideId "24113433"]
[BlackFideId "1123106"]
[WhiteElo "2242"]
[BlackElo "1833"]
[Result "0-1"]
[Round "09"]
[TimeControl "180+1"]
[Date "2022.04.13"]
[WhiteClock "0:00:05"]
[BlackClock "0:00:14"]

1. a3 a6 2. h4 Nf6 3. b4 e6 4. Bb2 c5 5. bxc5 Bxc5 6. e3 Nc6 7. g4 Qb6 8. Bxf6 gxf6 9. Nc3 Be7 10. Rb1 Qc7 11. Bd3 d5 12. g5 Ne5 13. Nf3 Bd7 14. gxf6 Bxf6 15. Nxe5 Bxe5 16. Qh5 Bxc3 17. dxc3 Qxc3+ 18. Kf1 Bc6 19. Rg1 Qxa3 20. Rg7 Qe7 21. Bxh7 Qf6 22. Rg8+ Rxg8 23. Bxg8 Ke7 24. Bh7 Rh8 25. c4 Qg7 26. cxd5 Rxh7 27. Qf3 Bxd5 28. Qf4 Qc3 29. e4 Qd3+ 30. Kg2 Bxe4+ 31. Kh2 Qxb1 32. Qc7+ Kf6 33. Qc3+ e5 34. Qe3 Qh1+ 35. Kg3 Rg7+ 36. Qg5+ Rxg5+ 37. hxg5+ Kg6 38. f4 Qg2+ 39. Kh4 Qh2+ 40. Kg4 Bf5+ 41. Kf3 Qxf4+ 42. Kg2 Be4+ 43. Kh3 Qf3+ 44. Kh4 Qh5+ 45. Kg3 Qxg5+ 46. Kh3 Bf5+ 47. Kh2 Qg4 48. Kh1 Be4+ 49. Kh2 Qg2# 0-1


[Site "https://www.chess.com"]

[Event "Titled Tuesday Blitz April 12 Early 2022"]
[White "Osmonbekov, Talaibek"]
[Black "Bures, Vit"]
[WhiteFideId "2017253"]
[BlackFideId "309052"]
[WhiteElo "2135"]
[BlackElo "2079"]
[Result "1-0"]
[Round "09"]
[TimeControl "180+1"]
[Date "2022.04.13"]
[WhiteClock "0:00:08"]
[BlackClock "0:00:01"]

1. d4 d5 2. Bf4 c5 3. e3 Nc6 4. Nc3 Bf5 5. g4 Bg6 6. Nf3 e6 7. Ne5 Nxe5 8. Bxe5 Ne7 9. Nb5 Nc6 10. Nc7+ Kd7 11. Nxa8 Qxa8 12. h4 f6 13. Bg3 cxd4 14. h5 Bb4+ 15. Ke2 Bf7 16. exd4 Rd8 17. c3 Ba5 18. Qd3 h6 19. Bg2 Ke7 20. a4 Rd7 21. Rhe1 Kf8 22. Kf1 Kg8 23. Kg1 Qd8 24. b4 Bc7 25. a5 a6 26. Bxc7 Qxc7 27. b5 axb5 28. Qxb5 e5 29. dxe5 fxe5 30. a6 bxa6 31. Rxa6 Rd6 32. Ra8+ Kh7 33. Rd1 e4 34. c4 Ne5 35. cxd5 Nxg4 36. Bxe4+ g6 37. Qb8 Qxb8 38. Rxb8 Nf6 39. hxg6+ Bxg6 40. Rb7+ Rd7 41. Rxd7+ Nxd7 42. Bxg6+ Kxg6 43. Kg2 Kf5 44. Kf3 h5 45. Rh1 Ne5+ 46. Ke2 Kg5 47. d6 h4 48. Rg1+ Kf5 49. Rg7 Ke6 50. Rh7 1-0


[Site "https://www.chess.com"]

[Event "Titled Tuesday Blitz April 12 Early 2022"]
[White "Ovezdurdyyeva, Jemal"]
[Black "Chernomordik, Pavel"]
[WhiteFideId "14001888"]
[BlackFideId "2804530"]
[WhiteElo "1946"]
[BlackElo "2220"]
[Result "1-0"]
[Round "09"]
[TimeControl "180+1"]
[Date "2022.04.13"]
[WhiteClock "0:00:12"]
[BlackClock "0:00:27"]

1. e4 g6 2. d4 Bg7 3. c4 Nc6 4. Nf3 d6 5. Nc3 Bg4 6. Be3 Bxf3 7. gxf3 e5 8. d5 Nd4 9. Bg2 c5 10. f4 exf4 11. Bxf4 Nf6 12. Ne2 Nh5 13. Be3 O-O 14. Nxd4 cxd4 15. Bxd4 Qa5+ 16. Kf1 Rac8 17. Bxg7 Kxg7 18. b3 f5 19. Qd4+ Kg8 20. exf5 Rxf5 21. Bh3 Rf4 22. Be6+ Kf8 23. Qh8+ Ke7 24. Qxh7+ Kf6 25. Bxc8 Qd2 26. Qh8+ Kg5 27. Rg1+ Kh4 28. Qd8+ Nf6 29. Rg4+ Rxg4 30. Bxg4 Qd4 31. Re1 Kxg4 32. Qxd6 Nh5 33. Qxg6+ Kf4 34. Qxh5 1-0


[Site "https://www.chess.com"]

[Event "Titled Tuesday Blitz April 12 Early 2022"]
[White "Padmini, Rout"]
[Black "Adelman, Charles"]
[WhiteFideId "5029295"]
[BlackFideId "2003597"]
[WhiteElo "2181"]
[BlackElo "2371"]
[Result "0-1"]
[Round "09"]
[TimeControl "180+1"]
[Date "2022.04.13"]
[WhiteClock "0:00:23"]
[BlackClock "0:01:38"]

1. Nf3 Nf6 2. g3 d5 3. Bg2 Bf5 4. O-O c6 5. d3 e6 6. Nh4 Bg4 7. h3 Bh5 8. g4 Nfd7 9. Nf3 Bg6 10. Nc3 Be7 11. e4 dxe4 12. dxe4 O-O 13. Qe2 Qc7 14. Be3 Na6 15. Nd2 e5 16. Rad1 Bc5 17. Nf3 Bxe3 18. Qxe3 Rad8 19. Qxa7 Nb6 20. Rxd8 Rxd8 21. Nxe5 Ra8 22. Qxa8+ Nxa8 23. Nxg6 hxg6 24. Rd1 Nb6 25. Bf1 Nc5 26. f3 Kf8 27. Kf2 Ke7 28. Ke3 Nca4 29. Nxa4 Nxa4 30. b3 Qb6+ 31. Kd2 Qf2+ 32. Be2 Nc5 33. c3 Ne6 34. Rf1 Qg2 35. f4 g5 36. fxg5 Nxg5 0-1


[Site "https://www.chess.com"]

[Event "Titled Tuesday Blitz April 12 Early 2022"]
[White "Pakleza, Zbigniew"]
[Black "Narayanan.S.L"]
[WhiteFideId "1119290"]
[BlackFideId "5058422"]
[WhiteElo "2467"]
[BlackElo "2494"]
[Result "1-0"]
[Round "09"]
[TimeControl "180+1"]
[Date "2022.04.12"]
[WhiteClock "0:00:06"]
[BlackClock "0:00:04"]

1. Nf3 g6 2. c4 Bg7 3. d4 f5 4. Nc3 Nf6 5. e3 O-O 6. Be2 d6 7. b4 Qe8 8. O-O e5 9. a4 e4 10. Nd2 g5 11. Qb3 Kh8 12. Re1 Nc6 13. a5 f4 14. b5 fxe3 15. fxe3 Nd8 16. Rf1 Qg6 17. a6 b6 18. Ndxe4 Nxe4 19. Rxf8+ Bxf8 20. Nxe4 Bg7 21. Bd2 Ne6 22. Rf1 Bd7 23. Ng3 g4 24. Bd3 Qg5 25. Bc1 Re8 26. Nf5 Bf6 27. Qc2 Rf8 28. e4 Qh5 29. Be3 Be8 30. Qf2 Bg6 31. Ng3 Qh4 32. Qb2 Kg8 33. Bb1 Bg5 34. Qd2 Rxf1+ 35. Nxf1 Bxe3+ 36. Qxe3 Qf6 37. e5 dxe5 38. dxe5 Qf7 39. Bxg6 Qxg6 40. Qd2 Qe4 41. Qd5 Qf5 42. Ne3 Qg6 43. Qd7 h5 44. Qc8+ Kg7 45. Qd7+ Kh6 46. Qe7 Qb1+ 47. Kf2 Qg6 48. Qf6 Qxf6+ 49. exf6 Kg6 50. Nd5 Nd4 51. Ke3 Nf5+ 52. Kf4 Nd6 53. Ke5 Nxc4+ 54. Ke6 Nd6 55. Nxc7 Ne4 56. Nd5 Ng5+ 57. Ke7 h4 58. Nxb6 h3 59. gxh3 g3 60. hxg3 Ne4 61. Nd5 Nxf6 62. Nxf6 Kf5 63. Nd7 Ke4 64. b6 Kf3 65. bxa7 Kxg3 66. a8=Q 1-0


[Site "https://www.chess.com"]

[Event "Titled Tuesday Blitz April 12 Early 2022"]
[White "Palachev, Petr"]
[Black "Tari, Aryan"]
[WhiteFideId "24129003"]
[BlackFideId "1510045"]
[WhiteElo "2339"]
[BlackElo "2567"]
[Result "0-1"]
[Round "09"]
[TimeControl "180+1"]
[Date "2022.04.12"]
[WhiteClock "0:00:02"]
[BlackClock "0:01:25"]

1. d4 d5 2. c4 e6 3. Nf3 Nf6 4. Nc3 h6 5. g3 Bd6 6. Bg2 O-O 7. b3 Nc6 8. O-O dxc4 9. bxc4 e5 10. d5 Na5 11. c5 Bxc5 12. Nxe5 Re8 13. Nf3 Bf5 14. Nd4 Bh7 15. Nb3 Bb4 16. Qd4 Bxc3 17. Qxc3 Nxb3 18. Qxb3 Rxe2 19. Qxb7 Be4 20. Bxe4 Rxe4 21. Rd1 Rb8 22. Qxa7 Rb5 23. Bf4 Rxd5 24. Rxd5 Nxd5 25. Rd1 c6 26. a4 Qf6 27. Qb8+ Kh7 28. Qb1 Nc3 29. Qc2 g6 30. Rd2 Re1+ 31. Kg2 Nd5 0-1


[Site "https://www.chess.com"]

[Event "Titled Tuesday Blitz April 12 Early 2022"]
[White "Papp, Levente"]
[Black "Omariev, Maksim"]
[WhiteFideId "751243"]
[BlackFideId "4193423"]
[WhiteElo "2308"]
[BlackElo "2488"]
[Result "0-1"]
[Round "09"]
[TimeControl "180+1"]
[Date "2022.04.13"]
[WhiteClock "0:00:13"]
[BlackClock "0:00:55"]

1. c4 h5 2. d4 h4 3. Nc3 c6 4. e4 d6 5. h3 e5 6. Nf3 Nd7 7. Be2 Be7 8. Be3 Ngf6 9. Qd2 a6 10. a4 Nh5 11. a5 Bf6 12. dxe5 dxe5 13. Na4 Qe7 14. Rd1 Nf4 15. Kf1 Ne6 16. b4 O-O 17. Nb6 Nxb6 18. Bxb6 Nf4 19. Bc5 Qe8 20. Bxf8 Qxf8 21. g3 Bxh3+ 22. Rxh3 Nxh3 23. Kg2 Rd8 24. Qe3 Rxd1 25. Bxd1 Qc8 26. Be2 hxg3 27. Kxg3 Nf4 28. Bf1 Qe6 29. Qe2 0-1


[Site "https://www.chess.com"]

[Event "Titled Tuesday Blitz April 12 Early 2022"]
[White "Pesotskiy, Mikhail"]
[Black "Tasev, Dejan"]
[WhiteFideId "34164453"]
[BlackFideId "936618"]
[WhiteElo "2010"]
[BlackElo "2253"]
[Result "1-0"]
[Round "09"]
[TimeControl "180+1"]
[Date "2022.04.13"]
[WhiteClock "0:00:17"]
[BlackClock "0:00:33"]

1. d4 Nf6 2. c4 g6 3. Nc3 Bg7 4. e4 d6 5. f3 O-O 6. Be3 c5 7. dxc5 dxc5 8. Qxd8 Rxd8 9. Bxc5 Nc6 10. Nge2 Nd7 11. Be3 Nde5 12. Nf4 e6 13. Rc1 b6 14. Be2 Ba6 15. b3 Nb4 16. O-O Ned3 17. Nxd3 Nxd3 18. Rc2 Nb4 19. Rcc1 Rd7 20. a3 Nc6 21. Nb5 Bxb5 22. cxb5 Nd4 23. Bc4 Rad8 24. Kf2 h6 25. Rfd1 Bf8 26. b4 g5 27. Rd3 e5 28. Bd5 Bg7 29. Rdc3 Bf6 30. a4 Kg7 31. Rc7 Kf8 32. a5 Rxc7 33. Rxc7 Nxb5 34. Rb7 Nd6 35. Rxa7 bxa5 36. bxa5 Rc8 37. a6 Rc2+ 38. Kf1 Be7 39. Rxe7 Kxe7 40. a7 Rc3 41. a8=Q 1-0


[Site "https://www.chess.com"]

[Event "Titled Tuesday Blitz April 12 Early 2022"]
[White "Petrova, Irina"]
[Black "Broca Jimenez, Fernando"]
[WhiteFideId "14124122"]
[BlackFideId "5104742"]
[WhiteElo "1993"]
[BlackElo "2062"]
[Result "0-1"]
[Round "09"]
[TimeControl "180+1"]
[Date "2022.04.13"]
[WhiteClock "0:00:08"]
[BlackClock "0:00:10"]

1. e4 c5 2. Nf3 g6 3. c3 Bg7 4. d4 cxd4 5. cxd4 d5 6. e5 Bg4 7. Be2 Nc6 8. O-O e6 9. Nc3 Nge7 10. Bg5 a6 11. Rc1 O-O 12. Qd2 Qd7 13. h3 Bxf3 14. Bxf3 Rac8 15. Na4 Nxe5 16. dxe5 Qxa4 17. Bxe7 Rfe8 18. Bf6 Bf8 19. Rxc8 Rxc8 20. Rc1 Rc6 21. Rxc6 bxc6 22. a3 c5 23. h4 c4 24. h5 Qb3 25. hxg6 hxg6 26. Bd1 Qb6 27. Qf4 d4 28. Qh4 Bg7 29. Qe4 Qxb2 30. Qa8+ Kh7 31. Qxa6 Qc1 32. Qa4 d3 33. Kh2 c3 34. Bxg7 Kxg7 35. Qh4 Qxd1 36. Qf6+ Kg8 37. Qd8+ Kg7 38. Qf6+ Kg8 39. Qd8+ Kh7 40. Qd7 Qh5+ 41. Kg3 Qxe5+ 42. Kh3 Qf5+ 43. g4 Qf3+ 44. Kh2 d2 45. g5 d1=Q 0-1


[Site "https://www.chess.com"]

[Event "Titled Tuesday Blitz April 12 Early 2022"]
[White "Pichot, Alan"]
[Black "Esipenko, Andrey"]
[WhiteFideId "110973"]
[BlackFideId "24175439"]
[WhiteElo "2579"]
[BlackElo "2617"]
[Result "0-1"]
[Round "09"]
[TimeControl "180+1"]
[Date "2022.04.12"]
[WhiteClock "0:00:16"]
[BlackClock "0:00:51"]

1. e4 e5 2. Nf3 Nc6 3. Bb5 Nf6 4. d3 Bc5 5. c3 O-O 6. O-O d6 7. Bg5 h6 8. Bh4 a6 9. Ba4 Ba7 10. Nbd2 g5 11. Bg3 Nh7 12. Kh1 h5 13. h3 Kh8 14. d4 h4 15. Bh2 g4 16. hxg4 Bxg4 17. Bxc6 bxc6 18. dxe5 h3 19. gxh3 Bxh3 20. Rg1 Bxf2 21. exd6 cxd6 22. Qe2 Bxg1 23. Rxg1 Rg8 24. Rxg8+ Qxg8 25. Bxd6 Re8 26. Be5+ f6 27. Bd4 Qxa2 28. Qh2 Qe6 29. Qf4 Rg8 30. Qh4 Bg2+ 31. Kh2 Rg4 32. Qh6 Bxf3 33. Nxf3 Qxe4 34. Qh3 Kg8 35. Qf1 Ng5 36. Nxg5 fxg5 37. Qc4+ Qd5 38. Qe2 Qd6+ 39. Be5 Qh6# 0-1


[Site "https://www.chess.com"]

[Event "Titled Tuesday Blitz April 12 Early 2022"]
[White "Piesik, Piotr"]
[Black "Zia, Tahsin Tajwar"]
[WhiteFideId "1136194"]
[BlackFideId "10211888"]
[WhiteElo "2190"]
[BlackElo "1800"]
[Result "1/2-1/2"]
[Round "09"]
[TimeControl "180+1"]
[Date "2022.04.13"]
[WhiteClock "0:01:00"]
[BlackClock "0:00:50"]

1. Nf3 d5 2. g3 Nd7 3. Bg2 e5 4. d3 Bd6 5. O-O Ngf6 6. Nbd2 O-O 7. e4 c6 8. Qe2 Re8 9. Nb3 a5 10. a4 Qc7 11. Bd2 b6 12. Rfd1 Ba6 13. Qe1 dxe4 14. dxe4 Nc5 15. Nxc5 Bxc5 16. Bh3 Rad8 17. Bc3 Bd4 18. Nxd4 exd4 19. Rxd4 Rxd4 20. Bxd4 Rxe4 21. Qc3 Nd5 22. Qd2 Qe7 23. Bf1 Bxf1 24. Kxf1 Qe6 25. Rd1 Qh3+ 26. Kg1 Nf4 27. gxf4 Qg4+ 28. Kf1 Qh3+ 29. Kg1 Re6 30. f5 Qg4+ 31. Kf1 Qh3+ 32. Kg1 Qg4+ 33. Kf1 Qh3+ 34. Kg1 1/2-1/2


[Site "https://www.chess.com"]

[Event "Titled Tuesday Blitz April 12 Early 2022"]
[White "Plazuelo Pascual, Juan"]
[Black "Samant Aditya S"]
[WhiteFideId "32059566"]
[BlackFideId "35080580"]
[WhiteElo "2359"]
[BlackElo "1916"]
[Result "1-0"]
[Round "09"]
[TimeControl "180+1"]
[Date "2022.04.13"]
[WhiteClock "0:00:34"]
[BlackClock "0:00:11"]

1. e4 c5 2. Nf3 d6 3. d4 cxd4 4. Nxd4 Nf6 5. Nc3 Nc6 6. Bg5 e6 7. Qd3 Bd7 8. Ndb5 Nb4 9. Qd1 a6 10. Bxf6 gxf6 11. a3 axb5 12. axb4 Rxa1 13. Qxa1 d5 14. exd5 Bxb4 15. Bd3 Qa5 16. Ke2 Qa6 17. Rd1 Ke7 18. dxe6 fxe6 19. Qc1 Bxc3 20. bxc3 h5 21. Qf4 Qa4 22. Qc7 Qg4+ 23. Ke1 Qxg2 24. Qxd7+ Kxd7 25. Be4+ Kc7 26. Bxg2 Ra8 27. Rb1 Ra5 28. Rb4 Kb6 29. c4 Kc5 30. Rxb5+ Rxb5 31. cxb5 b6 32. Bc6 Kd4 33. Kd2 e5 34. h4 f5 35. Be8 f4 36. Bxh5 e4 37. f3 e3+ 38. Ke2 Ke5 39. Bg6 Kf6 40. Bd3 Ke5 41. h5 Kf6 42. h6 Kf7 43. c4 Kf6 44. c5 1-0


[Site "https://www.chess.com"]

[Event "Titled Tuesday Blitz April 12 Early 2022"]
[White "Politov, Pavel Y."]
[Black "Odegov, Artem"]
[WhiteFideId "24110515"]
[BlackFideId "34183644"]
[WhiteElo "2090"]
[BlackElo "2286"]
[Result "1-0"]
[Round "09"]
[TimeControl "180+1"]
[Date "2022.04.13"]
[WhiteClock "0:00:14"]
[BlackClock "0:00:40"]

1. e4 e6 2. d4 d5 3. Nc3 Bb4 4. e5 c5 5. a3 Bxc3+ 6. bxc3 Ne7 7. Qg4 cxd4 8. Qxg7 Rg8 9. Qxh7 Qc7 10. Ne2 Nbc6 11. f4 Bd7 12. h4 O-O-O 13. Qd3 Nf5 14. cxd4 Na5 15. h5 a6 16. Rg1 Bb5 17. Qc3 Bxe2 18. Qxc7+ Kxc7 19. Bxe2 Nxd4 20. Bd3 Rg3 21. Kf2 Rdg8 22. Be3 Nac6 23. h6 R3g4 24. h7 Rh8 25. Rh1 Rg7 26. Rh6 Nf5 27. Bxf5 exf5 28. Rah1 Nd8 29. Bc5 Ne6 30. Be7 Rg4 31. Bf6 Ng7 32. g3 Kd7 33. R1h4 Rxh4 34. gxh4 Rxh7 1-0


[Site "https://www.chess.com"]

[Event "Titled Tuesday Blitz April 12 Early 2022"]
[White "Potapova, Margarita"]
[Black "Papadiamandis, Elliot"]
[WhiteFideId "14126869"]
[BlackFideId "36074160"]
[WhiteElo "2216"]
[BlackElo "2088"]
[Result "0-1"]
[Round "09"]
[TimeControl "180+1"]
[Date "2022.04.13"]
[WhiteClock "0:00:04"]
[BlackClock "0:00:23"]

1. d4 Nf6 2. c4 c6 3. Nf3 d5 4. g3 g6 5. Bg2 Bg7 6. O-O O-O 7. b3 a5 8. Nc3 a4 9. cxd5 axb3 10. dxc6 Nxc6 11. Qxb3 Nxd4 12. Nxd4 Qxd4 13. Be3 Qe5 14. Bf4 Qa5 15. Rac1 Be6 16. Qxb7 Rac8 17. Bd2 Rfd8 18. Be1 Qa3 19. Qb1 Rb8 20. Qc2 Rb2 21. Qa4 Qxa4 22. Nxa4 Rxe2 23. Nc3 Rb2 24. a4 Bc4 25. a5 Bxf1 26. Kxf1 Rb3 27. Ra1 Ng4 28. Rb1 Rxb1 29. Nxb1 Bd4 30. Bb4 e5 31. a6 Nxh2+ 32. Ke2 Ng4 33. Bc3 Ba7 34. Nd2 f6 35. Ne4 Kf7 36. Bb4 h6 37. Nd6+ Ke6 38. Nb7 Rc8 39. Bh3 f5 40. Bg2 e4 41. f3 exf3+ 42. Bxf3 Ne5 43. Bg2 Rc4 44. Bd2 Ra4 45. Nd8+ Kd7 46. Nb7 Rxa6 47. Bxh6 Ng4 48. Bd2 Kc7 49. Bf4+ Kd7 50. Bd2 Re6+ 51. Kd1 Bb6 52. Bf4 Ne3+ 53. Bxe3 Rxe3 54. Kd2 Rxg3 55. Bd5 f4 56. Ke2 Re3+ 57. Kf1 Rd3 58. Bg2 f3 59. Bh3+ Kc7 60. Bf5 gxf5 61. Nc5 Rd1+ 62. Kf2 Bxc5+ 63. Kxf3 Rd4 64. Kf2 Ra4+ 0-1


[Site "https://www.chess.com"]

[Event "Titled Tuesday Blitz April 12 Early 2022"]
[White "Prohorov, Olexandr"]
[Black "Lagumina, Giulio"]
[WhiteFideId "14105578"]
[BlackFideId "800619"]
[WhiteElo "1993"]
[BlackElo "2277"]
[Result "1-0"]
[Round "09"]
[TimeControl "180+1"]
[Date "2022.04.13"]
[WhiteClock "0:00:20"]
[BlackClock "0:00:23"]

1. Nf3 g6 2. g3 Bg7 3. Bg2 d6 4. O-O f5 5. d4 Nf6 6. b3 O-O 7. Bb2 c6 8. Nbd2 Qc7 9. c4 Re8 10. Qc2 e5 11. dxe5 dxe5 12. e4 Na6 13. Rfe1 fxe4 14. Nxe4 Nxe4 15. Qxe4 Bf5 16. Qe2 Nb4 17. Nh4 Be6 18. a3 Na6 19. Bxe5 Bxe5 20. Qxe5 Qxe5 21. Rxe5 Bf7 22. Rae1 Nc5 23. Rxe8+ Rxe8 24. Rxe8+ Bxe8 25. b4 Nd3 26. Nf3 Nb2 27. Ne5 Bf7 28. Bf1 Be6 29. f4 Kg7 30. Kf2 Kf6 31. Ke3 g5 32. Kd4 gxf4 33. gxf4 Na4 34. c5 Nb2 35. Be2 Bd5 36. Kc3 Na4+ 37. Kd4 Kf5 38. Bd1 b5 39. Bxa4 bxa4 40. b5 1-0


[Site "https://www.chess.com"]